 Dungeon Crawl Stone Soup version 0.31.0-2-g5a2aebc5c2 (webtiles) character file.

Game seed: 10347274257203416621

19245 dorian the Basher (level 12, -1/104 HPs)
             Began as an Armataur Fighter on Jan 20, 2024.
             Was an Elder of Okawaru.
             Slain by a skeletal warrior
             ... wielding a +0 trident
              (16 damage)
             ... on level 13 of the Dungeon.
             The game lasted 00:25:12 (14301 turns).

dorian the Basher (Armataur Fighter)               Turns: 14301, Time: 00:25:12

Health: -1/104     AC: 17    Str: 32    XL:     12   Next: 34%
Magic:  17/18      EV: 10    Int:  9    God:    Okawaru [****..]
Gold:   848        SH:  6    Dex: 10    Spells: 11/11 levels left

rFire   . . .        r - +2 morningstar (holy)
rCold   . . .        I - +0 buckler {reflect}
rNeg    . . .        J - +0 acid dragon scales
rPois   .            L - +1 hat
rElec   .            (no cloak)
rCorr   +            i - +0 pair of gloves
SInv    .            (no barding)
Will    .....        d - amulet of faith
Stlth   ++           g - +6 ring of strength
HPRegen 0.37/turn    s - +4 ring of protection
MPRegen 0.16/turn

%: reflection, roll, faith
@: about to teleport, heroic
A: large, deformed body, tough skin 3, armoured tail, roll 2
a: Renounce Religion, Heroism, Finesse


You were on level 13 of the Dungeon.
You worshipped Okawaru.
Okawaru was greatly pleased with you.
You visited 2 branches of the dungeon, and saw 14 of its levels.
You also visited: Ossuary.

You collected 848 gold pieces.

Inventory:

Hand Weapons
 a - a +1 flail of venom
 r - a +2 morningstar of holy wrath (weapon)
 N - a +1 flail of holy wrath
Missiles
 m - 6 boomerangs (quivered)
 u - 4 javelins
 B - a dart of dispersal
 K - an atropa-tipped dart
Armour
 b - a +0 scale mail
 c - a +0 buckler
 e - a +0 helmet
 i - a +0 pair of gloves (worn)
 I - a +0 buckler of reflection (worn)
 J - +0 acid dragon scales (worn)
 L - a +1 hat (worn)
 O - a +1 leather armour of poison resistance
Jewellery
 d - an amulet of faith (around neck)
 f - an amulet of magic regeneration
 g - a +6 ring of strength (left hand)
 s - a +4 ring of protection (right hand)
 E - a +6 ring of intelligence
 H - a ring of wizardry
Wands
 j - a wand of flame (38)
 v - a wand of digging (5)
 x - a wand of iceblast (9)
 y - a wand of paralysis (22)
Scrolls
 t - 4 scrolls of teleportation
 z - a scroll of blinking
 A - 2 scrolls of revelation
 F - a scroll of fear
 P - a scroll of brand weapon
Potions
 h - 2 potions of ambrosia
 k - a potion of lignification
 l - a potion of brilliance {unknown}
 n - 3 potions of resistance
 o - 2 potions of cancellation
 p - 3 potions of mutation
 q - 8 potions of curing
 w - 7 potions of heal wounds
 C - a potion of berserk rage
 D - a potion of attraction
 G - 3 potions of enlightenment


   Skills:
 + Level 9.0(14.0) Fighting
 * Level 12.1(17.1) Maces & Flails
 + Level 11.7(16.7) Armour
 - Level 5.2(10.2) Shields
 + Level 8.5 Invocations


You had 11 spell levels left.
You didn't know any spells.
Your spell library contained the following spells:

 Spells                   Type           Power      Damage    Failure   Level
 Kiss of Death            Conj/Necr      0%         2d5       45%         1
 Magic Dart               Conj           0%         1d3       45%         1
 Slow                     Hex            0%         N/A       45%         1
 Blink                    Tloc           0%         N/A       58%         2
 Scorch                   Fire           0%         2d5       58%         2
 Confusing Touch          Hex            0%         N/A       83%         3
 Sigil of Binding         Hex            0%         N/A       83%         3
 Vampiric Draining        Necr           0%         2d6       83%         3
 Dimensional Bullseye     Hex/Tloc       0%         N/A       99%         4
 Dispel Undead            Necr           0%         3d6       99%         4
 Flame Wave               Conj/Fire      0%         2d4       99%         4
 Passage of Golubria      Tloc           0%         N/A       99%         4
 Vhi's Electric Charge    Tloc/Air       0%         N/A       99%         4
 Arcjolt                  Conj/Air       0%         1d10      100%        5
 Yara's Violent Unravell  Hex/Alch       0%         3d3       100%        5
 Maxwell's Capacitive Co  Air            0%         ∞         100%        8
 Call Imp                 Summ           Unusable   N/A       N/A         2
 Call Canine Familiar     Summ           Unusable   N/A       N/A         3
 Tukima's Dance           Hex            Unusable   N/A       N/A         3
 Summon Cactus Giant      Summ           Unusable   N/A       N/A         6

Dungeon Overview and Level Annotations

Branches:
Dungeon (13/15) Zot: 25389  Temple (0/1) D:5            Lair (1/5) D:9 Zot: 5994
    Orc (0/2) D:12        Ossuary (visited)
 Vaults: D:13-14

Altars:
Ashenzari
Dithmenos
Fedhas
Gozag
Nemelex Xobeh
Okawaru
Qazlal
Ru
Trog
Vehumet
Wu Jian
Zin

Shops:
D:4 (   D:5 *

Annotations:
D:7 3 runed translucent doors, dvdksn's ghost, novice HOFi
D:9 exclusions: ice statue and orange crystal statue


Innate Abilities, Weirdness & Mutations

Armour fits poorly on your strangely shaped body.
You have extremely tough skin. (AC +3)
You have a long armoured tail.
You regenerate magic and health when rolling toward enemies. (Rampage Regen)


Message History

You block the skeletal warrior's attack.
You impale the skeletal warrior!!
The skeletal warrior convulses!!
You destroy the skeletal warrior!
Okawaru is honoured by your kill.
You see here a +0 flail.
You feel like a meek peon again.
There is an open door here.
A skeletal warrior comes into view. It is wielding a +0 mace.
You gain the combat prowess of a mighty hero.
You hit the skeletal warrior but do no damage.
The skeletal warrior hits you with a +0 mace!
You closely miss the skeletal warrior.
A tengu conjurer and a skeletal warrior come into view.
You block the skeletal warrior's attack.
You fail to use your ability.
The skeletal warrior hits you from afar with a +0 trident!!
The skeletal warrior hits you with a +0 mace!
The skeletal warrior hits you from afar with a +0 trident!
The skeletal warrior hits you with a +0 mace!
You barely miss the skeletal warrior. You tail-slap the skeletal warrior!
The skeletal warrior is lightly damaged.
The skeletal warrior barely misses you. The skeletal warrior misses you.
You sock the skeletal warrior!
The skeletal warrior convulses!
You tail-slap the skeletal warrior, but do no damage.
The skeletal warrior is heavily damaged.
You hit the skeletal warrior but do no damage.
Your tail-slap misses the skeletal warrior.
The skeletal warrior is heavily damaged.
You block the skeletal warrior's attack.
The skeletal warrior hits you with a +0 mace.
You hit the skeletal warrior.
The skeletal warrior convulses.
The skeletal warrior is heavily damaged.
The skeletal warrior hits you from afar with a +0 trident!
* * * LOW HITPOINT WARNING * * *
The skeletal warrior hits you with a +0 mace!
* * * LOW HITPOINT WARNING * * *
As you read the scroll of teleportation, it crumbles to dust.
You feel strangely unstable.
The skeletal warrior hits you from afar with a +0 trident!
You die...

#..z. #....#.......#.
#.... #....#.......#.
.... #....#.......#.
... #....#.......#.
####'###...#####...###
#..............#...#..
#....Q.z.......#...#..
#..............#...#..
#....@z##'###'##...#..
####'###.......)...#..
... #...........#..
#.... #.......)...#..
#.... #########...#..
#.... #...#...#..
#.... #...'...###
#.... #...#...#
#...#####


You could see 2 skeletal warriors and a tengu conjurer.

Vanquished Creatures
  Kirke (D:11)
  A boulder beetle (D:12)
  A death knight (D:13)
  A centaur warrior (D:13)
  5 two-headed ogres
  5 skeletal warriors
  2 deep elf pyromancers
  2 ugly things (D:12)
  A cyclops (D:11)
  2 manticores (D:12)
  3 gargoyles (D:11)
  2 unseen horrors
  A tengu conjurer (D:13)
  Psyche (D:8)
  2 trolls
  A hornet (D:11)
  4 yaks
  A vampire (D:12)
  5 wraiths
  3 wyverns
  7 humans
  A basilisk (D:8)
  A shadow (D:10)
  3 vampire mosquitoes (D:12)
  3 steam dragons
  An acid dragon (D:11)
  A water moccasin (D:6)
  An ice beast (D:7)
  2 orc warriors (D:9)
  A black bear (D:6)
  5 centaurs
  A weeping skull (Ossuary)
  2 bullfrogs (D:9)
  2 kobold brigands
  3 scorpions
  2 burial acolytes (Ossuary)
  A bombardier beetle (D:4)
  2 centaur zombies (Ossuary)
  9 howler monkeys
  2 human zombies (Ossuary)
  3 jellies
  2 orc priests
  4 hounds
  6 orc wizards
  5 iguanas
  5 hound zombies (Ossuary)
  2 mummies (Ossuary)
  4 adders
  2 white imps
  An ufetubus (D:6)
  4 dart slugs
  A ribbon worm (D:2)
  27 orcs
  5 bats
  4 endoplasms
  5 giant cockroaches
  3 goblins
  4 hobgoblins
  3 quokkas
  4 ball pythons
  2 frilled lizards
  5 gnoll zombies (Ossuary)
  13 kobolds
  3 orc zombies (Ossuary)
  4 rats
215 creatures vanquished.

Vanquished Creatures (others)
  An ufetubus (D:6)
1 creature vanquished.

Grand Total: 216 creatures vanquished

Notes
Turn   | Place    | Note
-------+----------+-------------------------------------------
     0 | D:1      | dorian the Armataur Fighter began the quest for the Orb.
     0 | D:1      | Reached XP level 1. HP: 18/18 MP: 1/1
   331 | D:1      | Reached skill level 2 in Maces & Flails
   358 | D:1      | Reached XP level 2. HP: 20/25 MP: 2/2
   717 | D:2      | Found a faded altar of an unknown god.
   830 | D:2      | Reached XP level 3. HP: 31/31 MP: 3/3
  1527 | D:4      | Reached skill level 3 in Maces & Flails
  1527 | D:4      | Reached XP level 4. HP: 37/38 MP: 4/4
  1536 | D:4      | Noticed a scorpion
  1558 | D:4      | Killed a scorpion
  1559 | D:4      | Reached XP level 5. HP: 21/45 MP: 5/5
  1620 | D:4      | Found an ornate altar of the Wu Jian Council.
  1620 | D:4      | Found a blossoming altar of Fedhas.
  1626 | D:4      | Found a shadowy altar of Dithmenos.
  1628 | D:4      | Found a faded altar of an unknown god.
  1630 | D:4      | Found a sacrificial altar of Ru.
  1683 | D:4      | Found a sand-covered staircase.
  1689 | Ossuary  | Entered an ossuary
  1840 | Ossuary  | Reached XP level 6. HP: 24/52 MP: 6/6
  1845 | Ossuary  | Reached skill level 5 in Armour
  1969 | Ossuary  | Reached skill level 4 in Maces & Flails
  2157 | Ossuary  | Gained mutation: You regenerate magic and health when
                  | rolling toward enemies. (Rampage Regen) [Armataur growth]
  2157 | Ossuary  | Reached XP level 7. HP: 38/59 MP: 7/7
  2309 | Ossuary  | Reached skill level 5 in Shields
  2632 | D:4      | Found Fenun's Antique Weapon Shoppe.
  2759 | D:4      | Reached skill level 5 in Maces & Flails
  2835 | D:4      | Found a stormy altar of Qazlal.
  2908 | D:4      | Found an iron altar of Okawaru.
  3040 | D:4      | Became a worshipper of Warmaster Okawaru
  3070 | D:5      | Entered Level 5 of the Dungeon
  3105 | D:5      | Found a staircase to the Ecumenical Temple.
  3351 | D:4      | Reached skill level 1 in Invocations
  3862 | D:5      | Found Xiroirch's Elemental Accessories.
  3948 | D:5      | Found a sparkling altar of Nemelex Xobeh.
  4076 | D:6      | Noticed a steam dragon
  4088 | D:6      | Killed a steam dragon
  4088 | D:6      | Reached * piety under Okawaru
  4089 | D:6      | Reached XP level 8. HP: 20/67 MP: 7/9
  4651 | D:6      | Reached skill level 6 in Maces & Flails
  5052 | D:6      | Reached skill level 5 in Fighting
  5152 | D:7      | Found a runed translucent gate.
  5161 | D:7      | Reached ** piety under Okawaru
  5163 | D:7      | Found a runed translucent gate.
  5179 | D:7      | Found a runed translucent gate.
  5180 | D:7      | Found an opulent altar of Gozag.
  5180 | D:7      | Noticed a troll
  5181 | D:7      | Noticed dvdksn's ghost (novice HOFi)
  5891 | D:8      | Noticed Psyche
  5902 | D:8      | Killed Psyche
  5903 | D:8      | Reached skill level 7 in Maces & Flails
  5903 | D:8      | Reached XP level 9. HP: 74/74 MP: 11/11
  6012 | D:8      | Noticed a two-headed ogre
  6018 | D:8      | Killed a two-headed ogre
  6018 | D:8      | Reached *** piety under Okawaru
  6018 | D:8      | Reached **** piety under Okawaru
  6162 | D:8      | Found a broken altar of Ashenzari.
  6397 | D:9      | Reached skill level 8 in Maces & Flails
  6636 | D:8      | Reached ***** piety under Okawaru
  6665 | D:8      | Reached skill level 5 in Invocations
  6673 | D:8      | Reached XP level 10. HP: 77/84 MP: 13/13
  6726 | D:9      | Found a staircase to the Lair.
  6773 | D:9      | Received a gift from Okawaru
  6786 | D:9      | Noticed a two-headed ogre
  6806 | D:9      | Killed a two-headed ogre
  6807 | D:9      | Reached skill level 9 in Maces & Flails
  6973 | D:9      | Found a radiant altar of Vehumet.
  7238 | D:9      | Noticed an orange crystal statue
  7481 | D:9      | Noticed an ice statue
  7973 | D:10     | Entered Level 10 of the Dungeon
  8050 | D:10     | Noticed a two-headed ogre
  8060 | D:10     | Killed a two-headed ogre
  8139 | D:10     | Found a bloodstained altar of Trog.
  8307 | D:10     | Found a glowing silver altar of Zin.
  8307 | D:10     | Noticed an angel
  8617 | D:11     | Noticed a gargoyle
  8618 | D:11     | Noticed a cyclops
  8625 | D:11     | Killed a gargoyle
  8634 | D:11     | Killed a cyclops
  8687 | D:11     | Reached skill level 10 in Maces & Flails
  8848 | D:11     | Reached XP level 11. HP: 89/92 MP: 15/15
  9177 | D:11     | Reached skill level 10 in Armour
  9196 | D:11     | Noticed a two-headed ogre
  9204 | D:11     | Killed a two-headed ogre
  9437 | D:12     | Noticed a deep elf pyromancer
  9445 | D:12     | Killed a deep elf pyromancer
  9445 | D:12     | Received a gift from Okawaru
  9610 | D:12     | Noticed a red ugly thing
  9613 | D:12     | Noticed a green ugly thing
  9781 | D:12     | Found a staircase to the Orcish Mines.
  9848 | D:12     | Noticed a skeletal warrior
 10015 | D:12     | Noticed a two-headed ogre
 10024 | D:12     | Killed a two-headed ogre
 10085 | D:12     | Noticed a skeletal warrior
 10102 | D:12     | Noticed a skeletal warrior
 10104 | D:12     | Killed a skeletal warrior
 10351 | D:11     | HP: 1/94 [gargoyle/stone arrow (22)]
 10677 | D:12     | Killed a skeletal warrior
 10857 | D:12     | Reached skill level 11 in Maces & Flails
 10901 | D:12     | Noticed Kirke
 10977 | D:11     | Noticed a lindwurm
 11223 | Lair:1   | Entered Level 1 of the Lair of Beasts
 11459 | D:11     | Killed Kirke
 12010 | D:12     | Killed a red ugly thing
 12017 | D:12     | Killed a green ugly thing
 12303 | D:12     | Killed a skeletal warrior
 12369 | D:12     | Noticed a boulder beetle
 12382 | D:12     | Killed a boulder beetle
 12383 | D:12     | Reached XP level 12. HP: 34/103 MP: 16/18
 12900 | D:13     | Noticed a death knight
 12923 | D:13     | Killed a death knight
 13479 | D:13     | Noticed a centaur warrior
 13486 | D:13     | Killed a centaur warrior
 13487 | D:13     | Reached skill level 12 in Maces & Flails
 13956 | D:13     | Identified a scroll of acquirement
 13956 | D:13     | Acquired a +1 morningstar of holy wrath
 13961 | D:13     | Noticed a vault guard
 14301 | D:13     | Slain by a skeletal warrior

Illustrated notes

Levels and vault maps discovered:
D:1:      tarquinn_simple_flora_water_e, layout_basic, glass_columns_b,
          minmay_pentomino_q2
D:2:      layout_rooms, hellmonk_ecumenical_altar_crossroads,
          minmay_split_cup_small
D:3:      layout_rooms
D:4:      layout_rooms, marbit_many_paths, grunt_qazlal_sundering,
          chequers_temple_overflow_minitemple, serial_shops, shop,
          nicolae_ossuary_entry_plus
D:5:      layout_basic, lemuel_round_altar, minmay_temple_entry_hall,
          nicolae_elemental_shop, kennysheep_crisscross
D:6:      layout_loops_ring, corexii_corridor_pit, kb_lookout_dungeons_type,
          minivault_24
D:7:      layout_basic, ebering_ghost_gozag
D:8:      layout_basic, cheibrodos_ashenzari_chains,
          chequers_serial_rivers_small_b, uniq_psyche
D:9:      minmay_separated_statues, layout_basic, vehumet_crystals,
          minmay_lair_entry_grove
D:10:     layout_rooms, nicolae_overflow_crystal_walls, zin_angel,
          fungi_pond_lemuel, corexii_corridor_pit, glass_columns_a
D:11:     layout_roguey
D:12:     layout_irregular_city, orc_0_dummy, uniq_kirke
D:13:     layout_grid_maze, grunt_vaults_entry_fortified
Lair:1:   layout_cave_pods, nicolae_volcano_entry_lava_flow,
          dreamdust_deal_with_the_devil, nicolae_quartered_pool_super

Skill      XL: |  1  2  3  4  5  6  7  8  9 10 11 12 |
---------------+-------------------------------------+-----
Maces & Flails | 2 3 4 5 7 8 10 11 12 | 12.1
Fighting       | 3 4 5 6 7 8 9 |  9.0
Armour         | 4 5 6 7 8 9 11 | 11.7
Shields        | 4 5 |  5.2
Invocations    | 1 3 5 6 8 |  8.5

Action                     |  1- 3 |  4- 6 |  7- 9 | 10-12 || total
---------------------------+-------+-------+-------+-------++-------
  Melee: Flail             |   122 |   122 |   239 |   486 ||   969
         Tailslap          |    10 |    18 |    28 |    77 ||   133
         Unarmed           |       |       |       |    15 ||    15
         Morningstar       |       |       |       |    22 ||    22
  Throw: Boomerang         |       |       |       |     3 ||     3
 Invoke: Heroism           |       |       |     1 |    14 ||    15
         Finesse           |       |       |       |     9 ||     9
  Evoke: Wand              |       |       |     1 |     3 ||     4
    Use: Scroll            |     7 |       |    13 |    11 ||    31
         Potion            |       |     2 |       |     2 ||     4
   Stab: Paralysed         |       |       |     2 |       ||     2
 Armour: Scale mail        |    87 |   148 |   249 |   119 ||   603
         Skin              |       |       |     1 |    10 ||    11
         Acid dragon scale |       |       |       |   290 ||   290
  Dodge: Dodged            |    42 |    47 |   110 |   146 ||   345
  Block: Buckler           |    32 |    32 |    66 |    90 ||   220
         Reflection        |       |       |       |     4 ||     4
